 Dungeon Crawl Stone Soup version 0.30-a0-778-g2ef04afb54 (webtiles) character file.

Game seed: 7283592045518291105

34 sanka the Chopper (level 3, -1/29 HPs)
             Began as a Mummy Chaos Knight on Feb 17, 2023.
             Was a Plaything of Xom.
             Slain by a gnoll
             ... wielding a +0 flail
              (5 damage)
             ... on level 2 of the Dungeon.
             The game lasted 00:01:26 (552 turns).

sanka the Chopper (Mummy Chaos Knight)               Turns: 552, Time: 00:01:30

Health: -1/29      AC:  5    Str: 17    XL:     3   Next: 14%
Magic:  3/3        EV: 11    Int: 11    God:    Xom [..*...]
Gold:   37         SH:  0    Dex: 11    Spells: 2/2 levels left

rFire   x . .      SeeInvis .    a - +0 hand axe (chaos)
rCold   + . .      Faith    +    (no shield)
rNeg    + + +      Spirit   .    b - +2 leather armour
rPois   ∞          Reflect  .    (no helmet)
rElec   .          Harm     .    (no cloak)
rCorr   .          Rampage  .    (no gloves)
Will    .....                    (no boots)
Stlth   +                        (no amulet)
HPRegen 0.24/turn                (no ring)
MPRegen 0.08/turn                (no ring)

@: no status effects
A: cold resistance 1, negative energy resistance 3, torment resistance 2, heat
vulnerability 1, in touch with death 1, no potions, faith
a: Renounce Religion


You were on level 2 of the Dungeon.
You worshipped Xom.
You were a toy of Xom.
You visited 1 branch of the dungeon, and saw 2 of its levels.

You collected 37 gold pieces.


Innate Abilities, Weirdness & Mutations

You are immune to poison.
Your flesh is cold resistant. (rC+)
You are immune to negative energy. (rN+++)
You are immune to unholy pain and torment.
You are vulnerable to heat. (rF-)
You are in touch with the powers of death.
You do not drink.
You have a special connection with the divine. (Faith)


   Skills:
 - Level 3.0 Fighting
 + Level 3.5 Axes
 - Level 1.5 Armour
 - Level 0.7 Dodging


You had 2 spell levels left.
You didn't know any spells.
Your spell library was empty.

Inventory:

Hand Weapons
 a - a +0 hand axe of chaos (weapon)
 d - a +0 flail
Armour
 b - a +2 leather armour (worn)
Miscellaneous
 c - a piece from Xom's chessboard (15/15) (quivered)

Dungeon Overview and Level Annotations

Branches:
Dungeon (2/15)

Altars:

...
......▒▒.....▒▒▒▒▒▒▒
.....▒..▒...........▒
....▒▒.▒▒..........▒
........▒..........▒
▒+▒▒▒▒▒▒...........
▒≈≈≈≈≈▒▒......▒▒▒▒▒
▒≈....▒..▒......... ..
▒≈....▒..†.........
..▒▒≈...M▒..▒.........
...▒▒▒▒▒▒g..▒.........
......g..g..▒.........
........▒▒▒▒▒.........
........▒ ▒.........
........▒▒▒▒▒▒▒▒▒.....
.............▒ .....
.............▒ .....
.........g...▒ ....


You could see 2 gnolls.


Message History

You hit the goblin.
The goblin suddenly seems more agile.
Xom thinks this is hilarious!
The goblin is severely wounded.
The goblin closely misses you.
You slash the goblin!
You kill the goblin!
You hit the gnoll.
The gnoll is lightly wounded.
The gnoll hits you with a +0 flail!
* * * LOW HITPOINT WARNING * * *
You hit the gnoll but do no damage.
The gnoll is lightly wounded.
The gnoll hits you with a +0 flail.
* * * LOW HITPOINT WARNING * * *
You hit the gnoll.
The gnoll seems to speed up.
The gnoll is lightly wounded.
The gnoll hits you with a +0 flail.
* * * LOW HITPOINT WARNING * * *
The gnoll drinks a potion.
The gnoll seems to speed up.
The gnoll closely misses you. The gnoll barely misses you.
You hit the gnoll.
The gnoll is poisoned.
The gnoll is moderately wounded.
The gnoll hits you with a +0 flail.
You die...
Xom laughs nastily!

Action                     || total
---------------------------++-------
  Melee: Hand axe          ||    62
         Punch             ||     1
 Armour: Leather armour    ||    16
  Dodge: Dodged            ||    28

Levels and vault maps discovered:
D:1:      psy_arrival_fountain, layout_basic, serial_co_window_serial,
          co_window_paths_b, co_window_of_opportunity_a, co_window_corner_a,
          co_window_of_opportunity_a, co_window_corner_a,
          co_window_unsneaky_path_a, co_window_corner_b, co_window_broadway_c,
          co_window_corner_b, co_window_of_opportunity_b, co_window_broadway_b,
          co_window_corner_b, co_window_paths_d, glass_columns_c
D:2:      layout_basic, serial_rivers, chequers_serial_rivers_micro_b,
          chequers_serial_rivers_small_b, chequers_serial_rivers_micro_a,
          chequers_serial_rivers_micro_a, chequers_serial_rivers_small_3,
          chequers_serial_rivers_room_a, uniq_robin

Notes
Turn   | Place    | Note
-------+----------+-------------------------------------------
     0 | D:1      | sanka the Mummy Chaos Knight began the quest for the Orb.
     0 | D:1      | Reached XP level 1. HP: 18/18 MP: 1/1
   296 | D:1      | XOM: silly message
   307 | D:1      | XOM: divination: magic mapping
   339 | D:2      | Reached skill level 3 in Axes
   339 | D:2      | Reached XP level 2. HP: 24/24 MP: 2/2
   397 | D:2      | XOM: divination: detect creatures
   500 | D:2      | XOM: noise
   527 | D:2      | Gained mutation: You are in touch with the powers of death.
                  | [Mummy growth]
   527 | D:2      | Reached XP level 3. HP: 25/29 MP: 3/3
   552 | D:2      | Slain by a gnoll

Vanquished Creatures
  A gnoll (D:2)
  2 ball pythons
  2 bats
  An endoplasm (D:2)
  2 giant cockroaches
  5 goblins
  5 hobgoblins (D:2)
  A frilled lizard (D:1)
  A kobold (D:1)
  A rat (D:1)
21 creatures vanquished.
